 Dungeon Crawl Stone Soup version 0.22-a0-571-g4a923d4 (webtiles) character file.

6129 iamserjio the Cleaver (level 10, 0/72 HPs)
             Began as a Gargoyle Fighter on July 1, 2018.
             Was a Believer of Trog.
             Killed by divine providence
             ... invoked by an orc priest
              (12 damage)
             ... on level 9 of the Dungeon.
             The game lasted 00:24:15 (2702 turns).

iamserjio the Cleaver (Gargoyle Fighter)            Turns: 2702, Time: 00:24:16

Health: 0/72       AC: 22    Str: 23    XL:     10   Next: 89%
Magic:  10/10      EV:  5    Int:  9    God:    Trog [**....]
Gold:   169        SH: 12    Dex: 11    Spells: 9/9 levels left

rFire    + + .     SeeInvis .   a - +0 war axe
rCold    . . .     Gourm    .   c - +0 shield
rNeg     + . .     Faith    .   r - +0 plate armour
rPois    ∞         Spirit   .   g - +1 helmet
rElec    +         Reflect  .   (no cloak)
rCorr    .         Harm     .   m - +1 pair of gloves
MR       .....     Rnd*Rage +   (no boots)
Stlth    ..........             (no amulet)
HPRegen  0.22/turn              v - ring of protection from fire
MPRegen  0.12/turn              l - +2 ring of strength

@: berserk cooldown, slowed, very slow
A: berserk 1, fire resistance 1, negative energy resistance 1, robust 1,
electricity resistance, unbreathing, petrification resistance, rot immunity, AC
+7
a: Berserk, Trog's Hand, Renounce Religion


You were on level 9 of the Dungeon.
You worshipped Trog.
Trog was pleased with you.
You were very hungry.

You visited 2 branches of the dungeon, and saw 11 of its levels.

You collected 169 gold pieces.

Inventory:

Hand Weapons
 a - a +0 war axe (weapon)
 j - a +0 blowgun
Missiles
 k - 45 poisoned needles
Armour
 b - a +0 scale mail
 c - a +0 shield (worn)
 g - a +1 helmet (worn)
 m - a +1 pair of gloves (worn)
 r - a +0 plate armour (worn)
Jewellery
 l - a +2 ring of strength (right hand)
 q - an uncursed ring of wizardry
 v - a ring of protection from fire (left hand)
Scrolls
 d - a scroll of fog
 e - 4 scrolls of teleportation
 h - a scroll of blinking
 i - a scroll of torment {unknown}
 n - 2 scrolls of fear
 u - a scroll of random uselessness
Potions
 o - 2 potions of lignification
 t - a potion of might
Comestibles
 f - 6 rations
 p - 4 chunks of flesh


   Skills:
 + Level 9.4 Fighting
 * Level 10.5 Axes
 - Level 3.2 Armour
 + Level 9.4 Shields


You had 9 spell levels left.
You didn't know any spells.
Your spell library was empty.

Dungeon Overview and Level Annotations

Branches:
Dungeon (10/15)            Temple (1/1) D:7             Orc (0/2) D:10
   Lair: D:8-11

Altars:
Ashenzari
Cheibriados
Dithmenos
Elyvilon
Makhleb
Nemelex Xobeh
Okawaru
Qazlal
Ru
Sif Muna
Trog
Uskayaw
Vehumet
Wu Jian
Xom
Yredelemnul
Zin
The Shining One

Shops:
D:6 :

Annotations:
D:5 1 runed door, kae's ghost, amateur DsTm


Innate Abilities, Weirdness & Mutations

You are resistant to torment.
Your stone body is resilient. (AC +7)
You are immune to poison.
You resist negative energy. (rN+)
You are resistant to electric shocks. (rElec)
You can survive without breathing.
You are immune to petrification.
You are immune to rotting.
You tend to lose your temper in combat.
Your flesh is heat resistant. (rF+)
You are robust. (+10% HP)


Message History

You closely miss the black bear. The orc warrior blocks your attack.
You block the black bear's attack. x2
The black bear claws you but does no damage.
A sky beast appears from thin air!
Reactivating autopickup.
The orc warrior hits you with a mace!
* * * LOW HITPOINT WARNING * * *
The black bear bites you but does no damage.
The black bear claws you but does no damage.
The black bear barely misses you.
The sky beast flickers out of sight!
Deactivating autopickup; reactivate with Ctrl-A.
Okay, then.
Okay, then.
You slash the orc warrior!
You kill the orc warrior!
Trog accepts your kill.
The orc priest calls down the wrath of Beogh upon you.
Beogh smites you!
You die...

.. .. #.######
...... ....
###########.#####.#
#..†...............
#.#########.#####.
#.# #@# #.# #h# #.#
#o{...... #.#
.≈o...... ####.#
#..PP.P.P. #(...#
#.P....### #.####
#...P..# #.#
##.PP..# #.#
#..P.P#


You could see a black bear, an orc priest and an orc.

Vanquished Creatures
  2 two-headed ogres
  2 gargoyles (D:10)
  A hippogriff (D:10)
  Eustachio (D:5)
  A wyvern (D:9)
  5 yaks (D:10)
  A hungry ghost (D:7)
  Edmund (D:5)
  A porcupine (D:9)
  2 sky beasts
  2 orc warriors
  An ice beast (D:5)
  A phantom (D:5)
  A black bear (D:7)
  2 ogres
  3 centaurs
  A big kobold (D:10)
  5 bullfrogs
  A water moccasin zombie (D:7)
  A scorpion (D:7)
  2 water moccasin skeletons
  4 wights (D:7)
  A howler monkey (D:5)
  A bullfrog zombie (D:10)
  5 hounds
  2 jellies
  A bullfrog skeleton (D:6)
  2 crimson imps
  An orc priest (D:9)
  A centaur skeleton (D:9)
  4 orc wizards
  2 iguanas (D:6)
  A worker ant (D:4)
  2 hound skeletons
  A worker ant zombie (D:5)
  Robin (D:4)
  4 gnolls (D:4)
  11 adders
  A shadow imp (D:7)
  An adder skeleton (D:4)
  An adder zombie (D:5)
  A worm (D:2)
  A dart slug (D:1)
  3 leopard geckos
  26 orcs
  4 bats
  A giant cockroach (D:5)
  10 goblins
  6 hobgoblins
  5 quokkas
  4 frilled lizards
  A jackal skeleton (D:5)
  11 kobolds
  A leopard gecko skeleton (D:4)
  A quokka skeleton (D:4)
  5 rats
164 creatures vanquished.

Vanquished Creatures (others)
  2 plants (D:9)
2 creatures vanquished.

Grand Total: 166 creatures vanquished

Notes
Turn   | Place    | Note
-------+----------+-------------------------------------------
     0 | D:1      | iamserjio the Gargoyle Fighter began the quest for the Orb.
     0 | D:1      | Reached XP level 1. HP: 14/14 MP: 1/1
    29 | D:1      | Reached skill level 2 in Axes
    71 | D:1      | Reached XP level 2. HP: 19/19 MP: 2/2
   246 | D:2      | Reached XP level 3. HP: 13/23 MP: 3/3
   428 | D:3      | Reached skill level 3 in Axes
   428 | D:3      | Reached XP level 4. HP: 29/29 MP: 4/4
   456 | D:3      | Found a snail-covered altar of Cheibriados.
   575 | D:4      | Reached XP level 5. HP: 23/33 MP: 5/5
   628 | D:4      | Found a sacrificial altar of Ru.
   654 | D:4      | Found a deep blue altar of Sif Muna.
   665 | D:4      | Noticed an orc warrior
   677 | D:4      | Killed an orc warrior
   677 | D:4      | Reached skill level 4 in Axes
   680 | D:4      | Reached XP level 6. HP: 13/39 MP: 6/6
   708 | D:4      | Noticed Robin
   866 | D:5      | Entered Level 5 of the Dungeon
   869 | D:5      | Noticed a sky beast
   899 | D:5      | Killed a sky beast
   921 | D:5      | Found a stormy altar of Qazlal.
   955 | D:4      | Reached skill level 5 in Fighting
   955 | D:4      | Reached skill level 5 in Shields
   955 | D:4      | Reached XP level 7. HP: 17/44 MP: 7/7
   987 | D:4      | Reached skill level 5 in Axes
  1065 | D:5      | Noticed Eustachio
  1066 | D:5      | Found a sparkling altar of Nemelex Xobeh.
  1087 | D:5      | Killed Eustachio
  1167 | D:4      | Killed Robin
  1193 | D:5      | Found a runed door.
  1193 | D:5      | Found a shimmering altar of Xom.
  1193 | D:5      | Noticed kae's ghost (amateur DsTm)
  1193 | D:5      | Noticed a dagger of chaos
  1204 | D:5      | Reached XP level 8. HP: 16/51 MP: 8/8
  1221 | D:5      | Reached skill level 6 in Axes
  1284 | D:5      | Gained mutation: You tend to lose your temper in combat. [potion of mutation]
  1284 | D:5      | Gained mutation: You are robust. (+10% HP) [potion of mutation]
  1284 | D:5      | Gained mutation: Your flesh is heat resistant. (rF+) [potion of mutation]
  1332 | D:5      | Noticed Edmund
  1341 | D:5      | Killed Edmund
  1367 | D:5      | Found a glowing golden altar of the Shining One.
  1505 | D:7      | Found an ornate altar of the Wu Jian Council.
  1513 | D:7      | HP: 2/57 [water moccasin zombie (4)]
  1524 | D:7      | Reached skill level 7 in Axes
  1547 | D:7      | Found a staircase to the Ecumenical Temple.
  1559 | Temple   | Entered the Ecumenical Temple
  1596 | Temple   | Became a worshipper of Trog the Wrathful
  1736 | D:6      | Reached XP level 9. HP: 16/61 MP: 9/9
  1756 | D:6      | Found a hide-covered altar of Uskayaw.
  1928 | D:6      | Found Myfox's Book Shoppe.
  2015 | D:7      | Reached * piety under Trog
  2025 | D:7      | Reached skill level 8 in Axes
  2220 | D:10     | Entered Level 10 of the Dungeon
  2220 | D:10     | Noticed a gargoyle
  2228 | D:10     | Killed a gargoyle
  2324 | D:10     | Noticed a two-headed ogre
  2332 | D:10     | Killed a two-headed ogre
  2332 | D:10     | Reached skill level 9 in Axes
  2332 | D:10     | Reached XP level 10. HP: 71/71 MP: 10/10
  2427 | D:10     | Found a staircase to the Orcish Mines.
  2433 | D:10     | Reached ** piety under Trog
  2545 | D:10     | Reached skill level 10 in Axes
  2551 | D:10     | Noticed a gargoyle
  2561 | D:10     | Killed a gargoyle
  2618 | D:9      | Noticed a two-headed ogre
  2629 | D:9      | Killed a two-headed ogre
  2702 | D:9      | Killed from afar by an orc priest

Vault maps used:
D:1:      noname_arrival_rooms_in_the_neighbourhood
D:2:      grunt_temple_overflow_growth_and_decay, chequers_big_river,
          minmay_misc_feat_encased, okawaru_altar_gauntlet_db, uniq_sigmund,
          uniq_jessica
D:3:      marbit_many_paths, kennysheep_generic_room_4
D:4:      kennysheep_mini, nicolae_overflow_hidden_temple, first_ration,
          kennysheep_generic_room_12, uniq_robin
D:5:      nemelex_xobeh_ov_fountains_minmay, lemuel_crystal_altar,
          lemuel_round_altar, grunt_gozag_breadcrumbs, ebering_ghost_xom,
          grunt_ministairs_6, nicolae_qazlal_eye_of_the_storm, uniq_edmund,
          uniq_prince_ribbit1, uniq_eustachio, uniq_blork_the_orc
D:6:      old_standard_altar, serial_shops, shop, kennysheep_boxes
D:7:      lemuel_crystal_altar, kennysheep_mini_moat, minmay_temple_entry_glass,
          grunt_ogre_cave, palyth_stone_intersect
D:8:      gammafunk_ghost_cemetery
D:9:      grunt_lair_entry_orc_guard_hut
D:10:     orc_0_dummy, enter_trove_3, basic_altar, trog_book
Temple:   compressed_dpeg_triangle_lava_temple

Skill      XL: |  1  2  3  4  5  6  7  8  9 10 |
---------------+-------------------------------+-----
Axes           | 2 3 4 5 7 9 10 | 10.5
Shields        | 4 5 6 8 9 |  9.4
Fighting       | 4 5 6 8 9 |  9.4
Armour         | |  3.2

Action                   |  1- 3 |  4- 6 |  7- 9 | 10-12 || total
-------------------------+-------+-------+-------+-------++-------
Melee: War axe           |   108 |   106 |   339 |   105 ||   658
Invok: Berserk           |       |       |     2 |     4 ||     6
       Trog's Hand       |       |       |       |     1 ||     1
  Use: Scroll            |       |     3 |     7 |     1 ||    11
       Potion            |       |     1 |    11 |       ||    12
  Eat: Chunk             |       |       |     7 |     5 ||    12
       Ration            |       |       |     1 |       ||     1
Armor: Scale mail        |    80 |    59 |   131 |       ||   270
       Plate armour      |       |       |   119 |    64 ||   183
Dodge: Dodged            |    43 |    24 |   100 |    20 ||   187
Block: Shield            |    66 |    57 |   231 |    60 ||   414

Table legend:
 A = Spawn XP
 B = Non-spawn XP
 C = Spawn XP percentage of total XP
 D = Spawn monster count
 E = Non-spawn monster count
 F = Spawn count percentage of total count
 G = Total turns spent on level
                    A         B        C        D         E        F      G
               +---------+---------+-------+---------+---------+-------+---------
         Total |       0 |    8757 |   0.0 |       0 |     164 |   0.0 |  2702
               +---------+---------+-------+---------+---------+-------+---------
           D:1 |       0 |      24 |   0.0 |       0 |      16 |   0.0 |   224
           D:2 |       0 |      21 |   0.0 |       0 |       4 |   0.0 |   121
           D:3 |       0 |      76 |   0.0 |       0 |      14 |   0.0 |   214
           D:4 |       0 |     426 |   0.0 |       0 |      30 |   0.0 |   452
           D:5 |       0 |    1225 |   0.0 |       0 |      22 |   0.0 |   412
           D:6 |       0 |     608 |   0.0 |       0 |      13 |   0.0 |   255
           D:7 |       0 |    1068 |   0.0 |       0 |      19 |   0.0 |   370
           D:8 |       0 |      44 |   0.0 |       0 |       2 |   0.0 |    71
           D:9 |       0 |    1596 |   0.0 |       0 |      10 |   0.0 |   147
          D:10 |       0 |    3663 |   0.0 |       0 |      32 |   0.0 |   369
        Temple |       0 |       6 |   0.0 |       0 |       2 |   0.0 |    67
               +---------+---------+-------+---------+---------+-------+---------
